 Dungeon Crawl Stone Soup version 0.26-a0-851-g735459dd53 (webtiles) character file.

Game seed: 14380648982520430082

42 RaHiT the Sneak (level 3, -2/26 HPs)
             Began as an Octopode Delver on Nov 21, 2020.
             Killed by divine providence
             ... invoked by an orc priest
              (14 damage)
             ... on level 3 of the Dungeon.
             The game lasted 00:04:35 (691 turns).

RaHiT the Sneak (Octopode Delver)                    Turns: 691, Time: 00:04:36

Health: -2/26      AC:  1    Str: 11    XL:     3   Next: 54%
Magic:  4/4        EV: 13    Int: 13    God:
Gold:   20         SH:  0    Dex: 13    Spells: 4/4 levels left

rFire    . . .     SeeInvis .     - Unarmed
rCold    . . .     Faith    .   (no shield)
rNeg     . . .     Spirit   .   (helmet restricted)
rPois    .         Reflect  .   (no amulet)
rElec    .         Harm     .   (no ring)
rCorr    .         Rampage  .   (no ring)
MR       .....                  (no ring)
Stlth    ++++......             (no ring)
HPRegen  0.08/turn              (no ring)
MPRegen  0.09/turn              (no ring)
                                (no ring)
                                (no ring)

@: no status effects
A: almost no armour, stealthy swim, amphibious, 8 rings, constrict 8, camouflage
1, gelatinous body 1
a: no special abilities


You were on level 3 of the Dungeon.
You visited 1 branch of the dungeon, and saw 3 of its levels.

You collected 20 gold pieces.

Inventory:

Wands
 e - a wand of digging (3)
 g - a wand of flame (22)


   Skills:
 - Level 3.0 Fighting
 - Level 2.0 Dodging
 - Level 7.0 Stealth
 * Level 3.2 Unarmed Combat
 - Level 1.0 Spellcasting


You had 4 spell levels left.
You didn't know any spells.
Your spell library was empty.

Dungeon Overview and Level Annotations

Branches:
Dungeon (5/15)
 Temple: D:4-7

Altars:

Annotations:
D:3 Natasha


Innate Abilities, Weirdness & Mutations

You cannot wear most types of armour.
You are very stealthy in the water. (Stealth+)
You are amphibious.
You can wear up to eight rings at the same time.
You can use your tentacles to constrict eight enemies at once.
Your skin changes colour to match your surroundings (Stealth+).
Your rubbery body absorbs attacks. (AC +1, EV +1)


Message History

Your squeeze misses the orc priest.
The orc priest is lightly wounded.
The orc priest hits you with a +0 hand axe.
You tentacle-slap the orc priest. You grab the orc priest.
You squeeze the orc priest.
The orc priest is heavily wounded.
You constrict the orc priest.
The orc priest hits you with a +0 hand axe.
You tentacle-slap the orc priest but do no damage.
You squeeze the orc priest, but do no damage.
The orc priest is severely wounded.
You constrict the orc priest.
The orc priest hits you with a +0 hand axe.
You barely miss the orc priest.
The orc priest is severely wounded.
You constrict the orc priest.
The orc priest invokes the aid of Beogh against you.
Beogh smites you!
Ouch! That really hurt!
You die...

#.#≈≈≈≈###.#
#.. #.######
#.# ... #.# #.#
#o#
#.########.###
#.#
#............#
#.#
##########.#.#
#.# #...# #.#
##..####.#
#....@o.#
#.####### #.#
#.# ##########
#.# #........#
#
#.####.######.#
# #......# #.#
# ######## #.#
# #.########


You could see an orc priest.

Vanquished Creatures
  An orc priest (D:3)
  An ooze (D:3)
  3 orcs (D:3)
  A goblin (D:3)
  A frilled lizard (D:3)
7 creatures vanquished.

Notes
Turn   | Place    | Note
-------+----------+-------------------------------------------
     0 | D:5      | RaHiT the Octopode Delver began the quest for the Orb.
     0 | D:5      | Reached XP level 1. HP: 16/16 MP: 1/1
    57 | D:5      | Noticed an orc priest
    57 | D:5      | Noticed an orc priest
    84 | D:5      | Noticed an ogre
   220 | D:3      | Reached skill level 7 in Stealth
   243 | D:3      | Reached XP level 2. HP: 17/21 MP: 2/2
   275 | D:3      | Reached skill level 1 in Spellcasting
   275 | D:3      | Reached XP level 3. HP: 20/26 MP: 2/4
   419 | D:3      | Noticed Natasha
   691 | D:3      | Killed from afar by an orc priest

Illustrated notes

Levels and vault maps discovered:
D:3:      layout_loops_ring, serial_rivers, chequers_serial_rivers_small_b,
          chequers_serial_rivers_micro_d, chequers_serial_rivers_large_b,
          chequers_serial_rivers_micro_e, chequers_serial_rivers_small_a,
          uniq_sigmund, uniq_natasha
D:4:      layout_cave_pools, serial_column_ruins, column_ruins_grid_4,
          column_ruins_open_medium, column_ruins_grid_3, column_ruins_grid_3,
          column_ruins_open_small
D:5:      layout_gridville, serial_shops, shop

Skill      XL: |  1  2 |
---------------+-------+-----
Stealth        | 7 |  7.0
Unarmed Combat | 3 |  3.2
Spellcasting   | 1 |  1.0
Fighting       | |  3.0
Dodging        | |  2.0

Action                   || total
-------------------------++-------
Melee: Unarmed           ||    24
       Constrict         ||     8
       Tentacles         ||     8
  Use: Scroll            ||     5
       Potion            ||     2
 Stab: Sleeping          ||     1
Dodge: Dodged            ||     5

Table legend: (Time is in decaauts)
 A = Elapsed time spent in this place.
 B = Non-inter-level travel time spent in this place.
 C = Inter-level travel time spent in this place.
 D = Time resting spent in this place.
 E = Time spent auto-exploring this place.
 F = Levels seen in this place.
 G = Mean time per level.
                   A        B        C        D        E       F      G
               +--------+--------+--------+--------+--------+-----+--------+
         Total |    675 |    675 |      0 |    222 |      0 |   3 |  225.0 |
       Dungeon |    675 |    675 |      0 |    222 |      0 |   3 |  225.0 |
               +--------+--------+--------+--------+--------+-----+--------+

Top non-repeatable levels by time:
     D:3: 581 daAuts
     D:5: 87 daAuts
     D:4: 6 daAuts
